 Dungeon Crawl Stone Soup version 0.26-a0-663-g36e8fdb655 (webtiles) character file.

Game seed: 14591297127548041115

236 Descartes the Magician (level 5, -3/28 HPs)
             Began as a Deep Elf Wanderer on Oct 10, 2020.
             Slain by Terence
             ... wielding a +2 mace of protection
              (8 damage)
             ... on level 2 of the Dungeon.
             The game lasted 00:04:35 (1999 turns).

Descartes the Magician (Deep Elf Wanderer)          Turns: 1999, Time: 00:04:37

Health: -3/28      AC:  2    Str:  7    XL:     5   Next: 77%
Magic:  7/15       EV: 11    Int: 22    God:
Gold:   65         SH:  0    Dex: 12    Spells: 13/15 levels left

rFire    . . .     SeeInvis .   a - +0 dagger
rCold    . . .     Faith    .   (no shield)
rNeg     . . .     Spirit   .   d - +0 robe
rPois    .         Reflect  .   (no helmet)
rElec    .         Harm     .   (no cloak)
rCorr    .         Rampage  .   (no gloves)
MR       .....                  (no boots)
Stlth    +.........             (no amulet)
HPRegen  0.09/turn              (no ring)
MPRegen  0.14/turn              (no ring)

@: no status effects
A: no striking features
a: no special abilities


You were on level 2 of the Dungeon.
You visited 1 branch of the dungeon, and saw 2 of its levels.

You collected 65 gold pieces.

Inventory:

Hand Weapons
 a - a +0 dagger (weapon)
Missiles
 g - 45 arrows
 i - 23 bolts
 n - 2 javelins (quivered)
 o - 55 stones
Armour
 d - a +0 robe (worn)
Scrolls
 b - 5 scrolls of identify {unknown}
 c - 3 scrolls of teleportation
 k - a scroll of remove curse {unknown}
 m - a scroll of immolation {unknown}
 p - a scroll of amnesia {unknown}
Potions
 e - a potion of brilliance {unknown}
 f - a potion of degeneration {unknown}
 h - a potion of berserk rage {unknown}
 j - 2 potions of lignification {unknown}
 l - a potion of curing {unknown}
 q - 2 potions of resistance {unknown}
 r - a potion of magic {unknown}
 s - a potion of stabbing {unknown}


   Skills:
 + Level 5.8 Spellcasting
 + Level 3.8 Conjurations
   Level 1.1 Summonings
 + Level 3.2 Fire Magic
   Level 1.1 Ice Magic
 + Level 2.6 Air Magic
   Level 2.1 Evocations


You had 13 spell levels left.
You knew the following spells:

 Your Spells              Type           Power        Failure   Level
a - Foxfire               Conj/Fire      ###.         2%          1
b - Shock                 Conj/Air       ###.         2%          1

Your spell library contained the following spells:

 Spells                   Type           Power        Failure   Level
 Conjure Flame            Conj/Fire      ###.....     7%          3
 Dazzling Flash           Conj/Hex       ##....       13%         3
 Inner Flame              Hex/Fire       ##......     14%         3
 Sticky Flame             Conj/Fire      ###.....     22%         4
 Fireball                 Conj/Fire      ###.......   52%         5


Dungeon Overview and Level Annotations

Branches:
Dungeon (2/15)

Altars:

Annotations:
D:2 Terence


Message History

You conjure some foxfire!
The foxfire hits Terence but does no damage.
Terence is heavily wounded.
Casting: Foxfire (safe; 2% risk of failure)
Confirm with . or Enter, or press ? or * to list all spells.
Nothing appears to happen.
Your foxfire dissipates!
Unknown command.
Terence hits you with a +2 mace of protection.
* * * LOW HITPOINT WARNING * * *
Casting: Foxfire (safe; 2% risk of failure)
Confirm with . or Enter, or press ? or * to list all spells.
Aiming: Shock (safe; 2% risk of failure)
Press: ? - help, Shift-Dir - straight line The zap hits Terence but does no damage.
Terence is heavily wounded.
The zap hits Terence.
Terence is severely wounded.
Terence hits you with a +2 mace of protection!
You die...

# #.# #.# #.# #.#
#.# ###########
##.## #.........#
##...##
#.#######.#
##.....###.#####
#.#
#............@@..#
#.#
##.###.#####.###.#
#.# #.# #.# #.#
#.# #.# #.# #.#
#.###.###.# ## #'#
#.........# ..
#####.##### #.#
#.# #...#


You could see Terence.

Vanquished Creatures
  Sigmund (D:2)
  4 adders (D:2)
  An ooze (D:2)
  3 dart slugs (D:1)
  A leopard gecko (D:1)
  A ball python (D:1)
  3 giant cockroaches
  4 goblins
  5 hobgoblins
  3 bats
  2 frilled lizards (D:1)
  A kobold (D:1)
  7 rats
36 creatures vanquished.

Vanquished Creatures (others)
  130 foxfires
130 creatures vanquished.

Grand Total: 166 creatures vanquished

Notes
Turn   | Place    | Note
-------+----------+-------------------------------------------
     0 | D:1      | Descartes the Deep Elf Wanderer began the quest for the
                  | Orb.
     0 | D:1      | Descartes set off with the following items: a +0 dagger, a
                  | scroll of teleportation, a +0 robe; and the following
                  | spells available to memorise: Foxfire, Shock, Conjure
                  | Flame, Dazzling Flash, Inner Flame, Sticky Flame, Fireball
     0 | D:1      | Reached XP level 1. HP: 10/10 MP: 7/7
     2 | D:1      | Learned a level 1 spell: Foxfire
     4 | D:1      | Learned a level 1 spell: Shock
   116 | D:1      | Reached XP level 2. HP: 15/15 MP: 6/9
   450 | D:1      | Reached skill level 1 in Air Magic
   691 | D:1      | Reached XP level 3. HP: 19/19 MP: 2/11
  1310 | D:2      | Reached skill level 5 in Spellcasting
  1656 | D:2      | Reached XP level 4. HP: 24/24 MP: 9/13
  1763 | D:2      | Noticed Sigmund
  1782 | D:2      | Killed Sigmund
  1782 | D:2      | Reached XP level 5. HP: 28/28 MP: 0/15
  1973 | D:2      | Noticed Terence
  1999 | D:2      | Slain by Terence

Illustrated notes

Levels and vault maps discovered:
D:1:      ebering_trefoil_twist, layout_loops_ring,
          chequers_serial_rivers_micro_d, minmay_misc_feat_secret_circle,
          minmay_pentomino_v2
D:2:      layout_loops_corners, uniq_sigmund, uniq_terence

Skill      XL: |  1  2  3  4 |
---------------+-------------+-----
Air Magic      | 1 2 |  2.6
Fire Magic     | 2 3 |  3.2
Spellcasting   | 5 |  5.8
Conjurations   | 3 |  3.8
Summonings     | |  1.1
Ice Magic      | |  1.1
Evocations     | |  2.1

Action                   |  1- 3 |  4- 6 || total
-------------------------+-------+-------++-------
 Cast: Foxfire           |    73 |    27 ||   100
       Shock             |    10 |     1 ||    11
Armor: Robe              |     1 |       ||     1
Dodge: Dodged            |     3 |    11 ||    14

Table legend: (Time is in decaauts)
 A = Elapsed time spent in this place.
 B = Non-inter-level travel time spent in this place.
 C = Inter-level travel time spent in this place.
 D = Time resting spent in this place.
 E = Time spent auto-exploring this place.
 F = Levels seen in this place.
 G = Mean time per level.
                   A        B        C        D        E       F      G
               +--------+--------+--------+--------+--------+-----+--------+
         Total |   1998 |   1978 |     20 |      0 |   1771 |   2 |  999.0 |
       Dungeon |   1998 |   1978 |     20 |      0 |   1771 |   2 |  999.0 |
               +--------+--------+--------+--------+--------+-----+--------+

Top non-repeatable levels by time:
     D:1: 1172 daAuts
     D:2: 826 daAuts
